 Dungeon Crawl Stone Soup version 0.30-a0-852-g08b95dd62f (webtiles) character file.

Game seed: 17534789919413892274

133 jimonade the Magician (level 5, -7/38 HPs)
             Began as a Djinni Warper on Mar 5, 2023.
             Mangled by Grinder (8 damage)
             ... on level 3 of the Dungeon.
             The game lasted 00:05:41 (2344 turns).

jimonade the Magician (Djinni Warper)               Turns: 2344, Time: 00:05:41

Health: -7/38      AC: 13    Str: 18    XL:     5   Next: 40%
Gold:   79         EV:  6    Int: 15    God:
                   SH:  0    Dex: 12

rFire   + + .      SeeInvis .    a - +1 dagger (freeze)
rCold   x . .      Faith    .    (no shield)
rNeg    . . .      Spirit   .    o - +0 plate armour
rPois   ∞          Reflect  .    v - +0 helmet
rElec   .          Rampage  .    (no cloak)
rCorr   .                        z - +0 pair of gloves
Will    .....                    (boots unavailable) Stlth
                                 l - amulet of the acrobat
HPRegen 0.26/turn                n - +6 ring of strength
MPRegen 0.00/turn                (no ring)

@: flying
A: sickness immunity, fire resistance 2, cold vulnerability 1, float, innate
caster, HP casting, extra vitality 1
a: no special abilities


You were on level 3 of the Dungeon.
You visited 1 branch of the dungeon, and saw 3 of its levels.

You collected 79 gold pieces.

Inventory:

Hand Weapons
 a - a +1 dagger of freezing (weapon)
 b - a +0 heavy sling
 e - a +0 whip
 w - a +0 quarterstaff
 y - a +0 short sword
Missiles
 d - 7 boomerangs of dispersal (quivered)
 r - 3 javelins
Armour
 j - a +0 ring mail
 o - a +0 plate armour (worn)
 u - a +0 animal skin
 v - a +0 helmet (worn)
 x - a +0 leather armour
 z - a +0 pair of gloves (worn)
Jewellery
 l - an amulet of the acrobat (around neck)
 n - a +6 ring of strength (left hand)
Scrolls
 c - a scroll of blinking
 f - a scroll of fog {unknown}
 h - a scroll of poison {unknown}
 i - 3 scrolls of immolation {unknown}
 p - a scroll of teleportation {unknown}
 q - a scroll of fear {unknown}
 s - a scroll of identify {unknown}
 A - a scroll of noise {unknown}
 B - a scroll of torment {unknown}
 C - a scroll of enchant armour {unknown}
Potions
 g - a potion of resistance {unknown}
 k - a potion of brilliance {unknown}
 m - a potion of mutation {unknown}
 t - a potion of heal wounds {unknown}
 D - a potion of invisibility {unknown}
 E - a potion of haste {unknown}


   Skills:
 + Level 2.3 Fighting
 + Level 2.8 Short Blades
 + Level 0.7 Throwing
 + Level 2.5 Armour
 + Level 2.3 Dodging
 * Level 3.2 Spellcasting


You knew the following spells:

 Your Spells              Type           Power      Damage    Failure   Level
a - Blink                 Tloc           24%        N/A       97%         2
b - Lesser Beckoning      Tloc           24%        N/A       97%         2
c - Vhi's Electric Charg  Tloc/Air       24%        N/A       100%        3
d - Teleport Other        Tloc           12%        N/A       100%        3
e - Manifold Assault      Tloc           12%        N/A       100%        4
f - Summon Small Mammal   Summ           48%        N/A       91%         1
g - Static Discharge      Conj/Air       24%        2-3/arc   97%         2
Your spell library was empty.

Dungeon Overview and Level Annotations

Branches:
Dungeon (3/15)

Altars:
Makhleb

Shops:
D:1 :

Annotations:
D:3 Grinder


Innate Abilities, Weirdness & Mutations

You are immune to sickness and miasma.
You are immune to poison.
Your flesh is very heat resistant. (rF++)
You are vulnerable to cold. (rC-)
You float through the air rather than walking.
You learn spells naturally, not from books.
Your magical power is your life essence.
You have superior vitality. (+4 MHP)


Message History

Grinder blinks!
Grinder grins, showing sharp teeth.
Grinder gestures at you.
You suddenly lose the ability to move!
Grinder blinks!
You can move again.
You hit Grinder.
Grinder is lightly wounded.
Grinder hits you.
You writhe in agony.
You hit Grinder but do no damage.
Grinder is lightly wounded.
Grinder gestures at you. Pain shoots through your body!
You hit Grinder but do no damage.
Grinder is lightly wounded.
Grinder hits you.
You writhe in agony.
You barely miss Grinder.
Grinder is lightly wounded.
You hit Grinder.
Grinder is lightly wounded.
Grinder hits you!
* * * LOW HITPOINT WARNING * * *
You hit Grinder but do no damage.
Grinder is lightly wounded.
Grinder gestures at you.
You suddenly lose the ability to move!
Grinder hits you but does no damage. x2
Grinder hits you.
* * * LOW HITPOINT WARNING * * *
You writhe in agony.
* * * LOW HITPOINT WARNING * * *
You can move again.
You hit Grinder.
Grinder is moderately wounded.
Grinder hits you.
* * * LOW HITPOINT WARNING * * *
You hit Grinder.
Grinder is moderately wounded.
Grinder hits you!
You die...

##############
#............##
#5#####........
#@##.......#.##
#.##.......#
########.##..........#
#.................##.#
#.##.##..##.......# #
#.##.##..##.......#
#.##.##..##.......#
###.#.........##.####
#####.._...##..####
...


You could see Grinder.

Vanquished Creatures
  An orc wizard (D:3)
  Robin (D:2)
  3 adders
  3 worms
  A dart slug (D:3)
  2 orcs (D:3)
  2 endoplasms
  7 giant cockroaches
  15 goblins
  4 hobgoblins (D:2)
  2 jackals (D:3)
  5 kobolds
  A quokka (D:1)
  A ball python (D:2)
  3 bats
  A frilled lizard (D:1)
  3 rats
55 creatures vanquished.

Vanquished Creatures (others)
  6 plants (D:2)
6 creatures vanquished.

Grand Total: 61 creatures vanquished

Notes
Turn   | Place    | Note
-------+----------+-------------------------------------------
     0 | D:1      | jimonade the Djinni Warper began the quest for the Orb.
     0 | D:1      | jimonade set off with the following spells memorised:
                  | Blink, Lesser Beckoning, Vhi's Electric Charge, Teleport
                  | Other, Manifold Assault.
     0 | D:1      | Reached XP level 1. HP: 18/18 MP: 0/0
   219 | D:1      | Reached XP level 2. HP: 23/23 MP: 0/0
   356 | D:1      | Found Nuissie's Book Shop.
   977 | D:2      | Noticed Robin
  1091 | D:2      | Reached XP level 3. HP: 28/28 MP: 0/0
  1091 | D:2      | Learned a level 1 spell: Summon Small Mammal
  1126 | D:2      | Reached skill level 3 in Spellcasting
  1311 | D:2      | Reached XP level 4. HP: 22/33 MP: 0/0
  1406 | D:2      | Found a faded altar of an unknown god.
  1769 | D:2      | Killed Robin
  2148 | D:3      | Found a burning altar of Makhleb.
  2159 | D:3      | Reached XP level 5. HP: 36/38 MP: 0/0
  2159 | D:3      | Learned a level 2 spell: Static Discharge
  2295 | D:3      | Noticed Grinder
  2300 | D:3      | Paralysed by Grinder for 4 turns
  2321 | D:3      | Paralysed by Grinder for 4 turns
  2339 | D:3      | Paralysed by Grinder for 3 turns
  2342 | D:3      | HP: 1/38 [Grinder (6)]
  2344 | D:3      | Mangled by Grinder

Illustrated notes

Levels and vault maps discovered:
D:1:      onia_arrival_mini_spirals, layout_basic, serial_shops, shop
D:2:      layout_basic, chequers_ecumenical_altar_grove, serial_bayou_pond_b,
          uniq_robin
D:3:      layout_loops_ring, lemuel_crystal_altar, due_unseen_surprise,
          uniq_grinder

Skill      XL: |  1  2  3  4 |
---------------+-------------+-----
Short Blades   | 2 |  2.8
Spellcasting   | 3 |  3.2
Armour         | 2 |  2.5
Fighting       | |  2.3
Throwing       | |  0.7
Dodging        | |  2.3

Action                     |  1- 3 |  4- 6 || total
---------------------------+-------+-------++-------
  Melee: Short sword       |   112 |   147 ||   259
         Punch             |     2 |     2 ||     4
         Dagger            |       |    83 ||    83
 Armour: Leather armour    |     5 |       ||     5
         Plate armour      |    32 |   109 ||   141
         Ring mail         |     2 |       ||     2
  Dodge: Dodged            |    68 |    47 ||   115

Table legend: (Time is in decaauts)
 A = Elapsed time spent in this place.
 B = Non-inter-level travel time spent in this place.
 C = Inter-level travel time spent in this place.
 D = Time resting spent in this place.
 E = Time spent auto-exploring this place.
 F = Levels seen in this place.
 G = Mean time per level.
                   A        B        C        D        E       F      G
               +--------+--------+--------+--------+--------+-----+--------+
         Total |   2302 |   2207 |     95 |     33 |   1456 |   3 |  767.3 |
       Dungeon |   2302 |   2207 |     95 |     33 |   1456 |   3 |  767.3 |
               +--------+--------+--------+--------+--------+-----+--------+

Top non-repeatable levels by time:
     D:1: 1000 daAuts
     D:2: 973 daAuts
     D:3: 328 daAuts
